Map: Dusk Towers

Players

Miszu

  • Race: Terran Terran
  • League: Master

AqueroN - Winner!

  • Race: Terran Terran

VOD

Have the link to the VOD?

Description

Time

  • Played on: July 3, 2016, 9 a.m.
  • Length: 11:24
Show
View Real Time Build Order
Export as new Build Order

Miszu Terran 

Build Orders: 1/1/1, Liberator Opening 

Get SALT Encoding   

  12  0:00  SCV  
  13  0:12  SCV  
  14  0:17  Supply Depot  
  14  0:26  SCV  
  15  0:30  Refinery  
  15  0:39  SCV  
  16  0:44  Barracks  
  16  0:51  SCV  
  16  0:56  Refinery  
  17  1:03  SCV  
  18  1:15  SCV  
  19  1:27  SCV  
  20  1:33  Factory  
  20  1:35  Reaper  
  21  1:42  Orbital Command  
  21  1:54  Supply Depot  
  21  2:07  Reaper, SCV  
  23  2:21  Starport  
  25  2:23  Hellion  
  25  2:25  SCV  
  26  2:30  Supply Depot  
  26  2:37  SCV  
  26  2:39  Reaper  
  26  2:42  Liberator  
  30  2:44  Hellion  
  30  2:49  SCV  
  31  3:00  Supply Depot  
  36  3:05  Hellion  
  36  3:12  Barracks Reactor  
  36  3:27  Hellion  
  38  3:36  Command Center  
  38  3:38  SCV  
  39  3:42  Starport Tech Lab  
  39  3:48  Supply Depot  
  39  3:50  Factory Tech Lab  
  39  3:51  SCV  
  39  3:54  Marine  
  39  3:55  Marine  
  41  4:00  Raven  
  44  4:04  SCV  
  33  4:34  Siege Tank  
  28  4:38  Marine  
  28  4:39  Marine  
  28  4:40  SCV  
  28  4:49  SCV  
  26  4:54  SCV  
  27  5:04  Orbital Command  
  27  5:06  SCV  
  28  5:08  Viking  
  30  5:19  SCV  
  31  5:30  SCV  
  31  5:31  SCV  
  31  5:33  Siege Tank  
  36  5:36  Marine x2  
  36  5:37  Viking  
  36  5:42  SCV  
  41  5:43  SCV  
  42  5:54  Barracks, SCV  
  42  5:55  Barracks, SCV  
  44  6:01  Marine  
  44  6:05  Siege Tank  
  44  6:06  SCV  
  44  6:10  Viking  
  50  6:13  SCV  
  51  6:18  Marine  
  51  6:19  Marine  
  51  6:24  SCV  
  54  6:31  SCV  
  54  6:32  Supply Depot x2  
  55  6:40  Medivac  
  55  6:41  Marine  
  55  6:44  Barracks Tech Lab x2  
  55  6:45  SCV  
  59  6:47  SCV  
  59  6:51  Refinery  
  58  7:10  Stimpack  
  58  7:13  Siege Tank  
  58  7:14  SCV  
  62  7:25  Viking x2  
  62  7:26  SCV  
  68  7:30  SCV  
  68  7:34  Marine x3  
  71  7:40  SCV  
  71  7:41  Refinery  
  71  7:42  SCV  
  71  7:43  Supply Depot  
  71  7:52  SCV  
  71  7:54  Marine, SCV  
  71  7:55  Viking  
  78  8:05  Viking, SCV  
  81  8:06  SCV  
  81  8:12  Barracks Reactor  
  80  8:16  Command Center  
  80  8:17  SCV  
  81  8:23  SCV  
  81  8:25  Viking  
  84  8:29  SCV  
  85  8:35  Engineering Bay  
  85  8:36  Engineering Bay  
  85  8:37  Combat Shields  
  85  8:46  Supply Depot, SCV  
  85  8:47  Supply Depot, Medivac  
  85  8:48  Marine x3  
  90  8:49  Marine  
  90  8:53  SCV  
  93  9:02  Barracks  
  93  9:05  Marine  
  93  9:06  Terran Infantry Weapons Level 1, Terran Infantry Armor Level 1  
  93  9:07  Medivac, Siege Tank  
  99  9:16  Marine x3  
  102  9:19  Barracks  
  103  9:24  Supply Depot  
  103  9:25  Supply Depot  
  103  9:30  Orbital Command, Armory  
  103  9:34  Marine  
  103  9:35  Marine  
  103  9:37  Viking  
  107  9:41  Viking  
  108  9:47  Missile Turret  
  108  9:50  Missile Turret  
  108  9:55  Missile Turret  
  108  9:59  Missile Turret  
  108  10:01  Marine  
  108  10:02  Missile Turret  
  108  10:03  Orbital Command  
  108  10:06  Barracks Reactor x2  
  109  10:13  Viking  
  111  10:15  Viking  
  112  10:22  SCV x2  
  114  10:33  SCV  
  114  10:34  Refinery x2, SCV x2  
  117  10:38  Siege Tank  
  120  10:45  Supply Depot, SCV  
  121  10:50  Medivac x2  
  121  10:53  SCV x2  
  127  10:57  SCV  
  126  11:07  Missile Turret  
  126  11:09  SCV x2  
  128  11:13  Supply Depot, Missile Turret  
Show
View Real Time Build Order
Export as new Build Order

AqueroN Terran - Winner!

Build Orders: 1/1/1, MMM Bio 

Get SALT Encoding   

  12  0:00  SCV  
  13  0:12  SCV  
  14  0:18  Supply Depot  
  14  0:25  SCV  
  15  0:29  Refinery  
  15  0:40  SCV  
  16  0:44  Barracks  
  16  0:52  SCV  
  16  0:56  Refinery  
  17  1:04  SCV  
  18  1:16  SCV  
  19  1:30  Orbital Command  
  19  1:32  Factory  
  19  1:36  Reaper  
  20  1:47  Supply Depot  
  20  1:58  SCV  
  21  2:08  Reaper  
  21  2:10  SCV  
  23  2:21  Starport, Hellion  
  25  2:23  SCV  
  26  2:30  Supply Depot  
  26  2:35  SCV  
  27  2:41  Reaper  
  27  2:43  Hellion  
  30  2:47  SCV  
  31  2:58  Medivac  
  31  2:59  SCV  
  31  3:04  Hellion  
  36  3:09  Supply Depot  
  36  3:11  SCV  
  37  3:14  Barracks Reactor  
  37  3:25  Factory Tech Lab  
  37  3:30  Starport Tech Lab  
  37  3:33  SCV  
  38  3:43  Command Center  
  38  3:46  Cyclone  
  42  3:52  Raven  
  44  3:58  SCV  
  45  4:09  Marine x2  
  47  4:11  Supply Depot  
  45  4:18  SCV  
  34  4:37  SCV  
  33  4:48  Marine x2  
  35  4:57  Siege Tank  
  38  5:03  Orbital Command  
  38  5:04  SCV  
  38  5:06  Viking  
  41  5:12  Marine x2  
  43  5:16  SCV  
  43  5:28  SCV  
  44  5:30  SCV  
  47  5:37  Barracks  
  47  5:40  Barracks, SCV  
  47  5:42  SCV  
  47  5:51  Viking x2  
  47  5:52  SCV  
  47  5:53  Stimpack  
  47  5:54  SCV  
  53  6:04  SCV  
  53  6:06  SCV  
  53  6:09  Marine  
  53  6:10  Siege Tank  
  59  6:16  SCV  
  60  6:18  SCV  
  61  6:30  Viking  
  61  6:31  SCV  
  64  6:43  Barracks Reactor  
  64  6:44  Barracks Reactor, SCV x2  
  66  6:47  Supply Depot  
  66  6:48  Barracks  
  66  6:51  Barracks  
  66  6:52  Refinery  
  66  6:56  SCV  
  66  6:57  SCV  
  66  6:59  Marine  
  69  7:11  Supply Depot  
  69  7:13  Engineering Bay  
  69  7:14  SCV x2  
  71  7:25  Medivac  
  71  7:26  Marine x3, Medivac  
  78  7:32  Supply Depot, Marine x2, SCV x2  
  82  7:43  Barracks Reactor x2  
  82  7:44  SCV  
  82  7:47  SCV  
  82  7:50  Marine x4  
  88  7:58  Siege Tank  
  88  8:00  Marine  
  88  8:04  SCV, Combat Shields  
  88  8:05  Supply Depot, SCV  
  94  8:07  Marine x2  
  94  8:08  Marine x2  
  98  8:17  SCV x2  
  98  8:19  Marine x2  
  102  8:22  Terran Infantry Weapons Level 1  
  102  8:24  Supply Depot, Marine x2  
  104  8:27  Supply Depot  
  104  8:35  Marine x2  
  104  8:36  Marine x2  
  108  8:50  Command Center  
  108  8:52  Marine x2  
  108  8:54  Marine x2  
  112  8:56  Marine  
  112  8:58  Marine  
  114  9:04  Marine  
  108  9:10  Marine  
  108  9:11  Marine x2  
  108  9:15  Siege Tank  
  108  9:16  Supply Depot  
  113  9:20  Medivac x2  
  113  9:23  Marine x4  
  119  9:29  Engineering Bay  
  119  9:30  SCV x2  
  121  9:34  Marine x4  
  125  9:42  Supply Depot, Marine x2  
  127  9:47  Siege Tank  
  130  9:54  Marine x2  
  130  9:55  Marine x4  
  136  10:01  Medivac x2  
  136  10:05  SCV x2  
  142  10:14  Marine x5  
  142  10:16  Armory  
  142  10:19  Marine  
  142  10:20  Marine x2  
  150  10:26  Siege Tank  
  153  10:29  Orbital Command  
  153  10:31  SCV x2  
  155  10:37  Marine x4  
  155  10:38  Marine  
  155  10:39  Marine x2  
  162  10:51  Supply Depot  
  162  10:52  Barracks  
  162  10:54  Supply Depot, Barracks  
  162  10:56  Marine x3  
Tags
 
Add a new tag
Caveats
  • Supply blocks, unpowered buildings, or Contaminate may cause inaccurate times.
  • Supply counts are checked every 10 seconds.